AoeStats
← Rashedul

Arena

508416744Analyzed
4v4 RM · 10d ago on Sep 22, 2026· 49m 6s· 8 players
Game mode
Random Map
Map size
Large (8 player)
Population
200
Speed
Normal
Resources
Standard
Victory
Conquest
Starting age
Dark Age
Ending age
Imperial Age
RankedLock teamsTeams togetherTeam positionsShared explorationLock speedFull tech treeHidden civsTurbo modeCheats
Victory
Defeat
🇦🇷 Koreans · Argentina
1098
+12
🇭🇰 Franks · Hong Kong SAR China
1081
+13
🇨🇳 Poles · China
1075
+13
🇬🇧 Burmese · United Kingdom
1068
+14
🇦🇺 Poles · Australia
1060
-14
🇦🇺 Bohemians · Australia
1010
-13
🇳🇿 Magyars · New Zealand
1003
-13
🇦🇺 Teutons · Australia
979
-12
[SKY] strider
8:26 Loom
11:04 Feudal Age
15:42 Castle Age
15:53 Horse Collar
18:51 Wheelbarrow
25:29 Imperial Age
23:05 Squires
23:19 Gold Mining
24:47 Scale Barding Armor
24:57 Bloodlines
25:22 Redemption
25:32 Forging
26:24 Gold Shaft Mining
25:40 Capped Ram
31:47 Chain Barding Armor
32:31 Pikeman
33:13 Scale Mail Armor
33:46 Squires
34:14 Chain Mail Armor
34:02 Halberdier
36:21 Plate Mail Armor
38:41 Gambesons
40:28 Iron Casting
41:48 Chemistry
44:12 Hand Cart
47:47 Blast Furnace
JonBlack
10:37 Feudal Age
14:19 Castle Age
12:29 Double-Bit Axe
12:46 Horse Collar
15:11 Bow Saw
20:39 Sanctity
22:00 Wheelbarrow
22:19 Heavy Plow
25:01 Hand Cart
26:09 Stone Mining
26:09 Gold Mining
29:06 Imperial Age
27:32 Fletching
28:05 Ballistics
28:26 Gold Shaft Mining
28:27 Stone Shaft Mining
27:45 Loom
28:31 Bodkin Arrow
29:53 Bracer
30:54 Chemistry
30:48 Conscription
35:09 Elite War Wagon
41:31 Masonry
41:26 Siege Engineers
41:04 Treadmill Crane
41:29 Scale Mail Armor
41:39 Forging
49:03 Two-Man Saw
abbnn
0:29 Loom
12:34 Feudal Age
14:12 Wheelbarrow
13:24 Double-Bit Axe
19:16 Castle Age
19:01 Gold Mining
19:03 Stone Mining
20:11 Hand Cart
20:17 Bow Saw
32:53 Imperial Age
30:10 Town Watch
31:07 Gold Shaft Mining
31:01 Ballistics
32:01 #83
31:45 Scale Mail Armor
31:55 Forging
33:11 Chain Mail Armor
34:07 Iron Casting
34:17 Conscription
35:14 Chemistry
34:49 Plate Mail Armor
34:27 Elite Throwing Axeman
37:59 Blast Furnace
tjbhxqsjj520
8:27 Loom
10:37 Feudal Age
16:35 Castle Age
15:42 Fletching
15:45 Double-Bit Axe
16:07 Gold Mining
16:22 Horse Collar
18:19 Bodkin Arrow
18:58 Padded Archer Armor
22:31 Bow Saw
22:24 Heavy Plow
24:00 Leather Archer Armor
25:18 Wheelbarrow
25:10 Masonry
29:07 Thumb Ring
29:15 Bloodlines
32:49 Imperial Age
30:59 Hand Cart
30:51 Husbandry
31:46 Treadmill Crane
33:23 Szlachta Privileges
33:26 Scale Barding Armor
33:15 Cavalier
34:23 Stone Mining
35:01 Conscription
35:04 Chain Barding Armor
34:55 Forging
34:46 Bracer
35:22 Town Watch
35:07 Light Cavalry
37:35 Iron Casting
36:30 Crossbowman
37:41 Arbalester
39:50 Chemistry
42:36 Blast Furnace
41:59 Ballistics
43:38 Lechitic Legacy
43:57 Winged Hussar
45:52 Caravan
TikishTakush
11:25 Feudal Age
14:21 Loom
16:37 Castle Age
15:40 Horse Collar
16:03 Double-Bit Axe
17:27 Pikeman
26:30 Redemption
28:39 Fletching
30:21 Murder Holes
32:45 Chemistry
32:02 Squires
37:22 Imperial Age
36:08 Masonry
36:57 Forging
36:48 Scale Mail Armor
36:49 Padded Archer Armor
38:48 Wagenburg Tactics
39:04 Conscription
38:07 Halberdier
39:34 Iron Casting
39:14 Chain Mail Armor
39:38 Arson
43:01 Fortified Wall
46:00 Wheelbarrow
Rashedul
11:25 Feudal Age
15:47 Castle Age
14:06 Double-Bit Axe
14:16 Horse Collar
14:52 Stone Mining
15:40 Gold Mining
19:29 Fervor
19:07 Loom
20:28 Wheelbarrow
22:24 Town Watch
24:24 Hand Cart
26:33 Corvinian Army
29:02 Bloodlines
28:57 Husbandry
30:53 Scale Barding Armor
32:23 Bow Saw
32:34 Heavy Plow
35:48 Imperial Age
34:24 Chain Barding Armor
35:42 Fletching
36:14 Ballistics
36:50 Conscription
36:11 Elite Magyar Huszar
38:41 Heavy Scorpion
39:40 Bodkin Arrow
42:11 Bracer
42:48 Plate Barding Armor
43:27 Chemistry
42:33 Siege Engineers
42:39 Masonry
Sarder King
9:05 Loom
11:17 Feudal Age
15:49 Castle Age
13:55 Double-Bit Axe
13:54 Horse Collar
14:53 Stone Mining
17:16 Wheelbarrow
28:29 Imperial Age
26:04 Gold Mining
27:21 Bow Saw
27:21 Fletching
28:14 Bodkin Arrow
28:19 Padded Archer Armor
29:39 Conscription
30:27 Chemistry
30:06 Ballistics
30:22 Squires
29:43 Pikeman
30:40 Heavy Plow
32:35 Leather Archer Armor
35:00 Crenellations
35:31 Bloodlines
36:00 Hoardings
35:05 Elite Skirmisher
36:00 Cavalier
37:05 Scale Barding Armor
37:11 Forging
37:19 Elite Teutonic Knight
38:20 Ironclad
38:45 Ring Archer Armor
41:29 Onager
44:39 Hand Cart
45:57 Iron Casting
45:17 Crossbowman
47:52 Fortified Wall
47:48 Siege Engineers
Prince_of_Tropics
11:38 Feudal Age
16:26 Castle Age
15:16 Double-Bit Axe
15:18 Horse Collar
15:33 Stone Mining
18:46 Bow Saw
18:46 Heavy Plow
20:11 Loom
23:51 Wheelbarrow
25:05 Szlachta Privileges
29:46 Imperial Age
27:30 Husbandry
27:41 Bloodlines
28:41 Hand Cart
29:08 Forging
29:04 Scale Barding Armor
30:27 Cavalier
34:03 Chain Barding Armor
34:19 Iron Casting
37:58 Blast Furnace
43:02 Crossbowman
43:47 Thumb Ring
46:36 Fletching
46:37 Arbalester
47:33 Bodkin Arrow
Connection lost

Rejoining the realm…

Still unreachable

The connection could not be restored.

Session expired

The server has moved on; the page needs a fresh start.